 Dungeon Crawl Stone Soup version 0.28.0-53-g5a82cb258f (webtiles) character file.

Game seed: 15095216905760778507

56 Sin92 the Skirmisher (level 3, -5/29 HPs)
             Began as a Demonspawn Fighter on July 5, 2022.
             Was an Initiate of Ru.
             Killed by nerve-wracking pain
             ... invoked by an orc priest
              (9 damage)
             ... on level 4 of the Dungeon.
             The game lasted 00:01:16 (1833 turns).

Sin92 the Skirmisher (Demonspawn Fighter)           Turns: 1833, Time: 00:01:16

Health: -5/29      AC:  6    Str: 18    XL:     3   Next: 71%
Magic:  3/3        EV:  9    Int:  9    God:    Ru [......]
Gold:   80         SH:  4    Dex: 12    Spells: 2/2 levels left

rFire   . . .      SeeInvis .   a - +0 war axe
rCold   . . .      Faith    .   c - +0 buckler
rNeg    . . .      Spirit   .   b - +0 scale mail
rPois   .          Reflect  .   (helmet restricted)
rElec   .          Harm     .   (no cloak)
rCorr   .          Rampage  .   (no gloves)
Will    .....                   (no boots)
Stlth   ..........              (no amulet)
HPRegen 0.09/turn               (no ring)
MPRegen 0.08/turn               (no ring)

@: no status effects
A: horns 1
a: Renounce Religion, Sacrifice Words, Sacrifice Artifice, Sacrifice Resistance,
Reject Sacrifices


You were on level 4 of the Dungeon.
You worshipped Ru.
Ru was noncommittal.
You visited 1 branch of the dungeon, and saw 3 of its levels.

You collected 80 gold pieces.

Inventory:

Hand Weapons
 a - a +0 war axe (weapon)
Armour
 b - a +0 scale mail (worn)
 c - a +0 buckler (worn)
Scrolls
 f - a scroll of fear {unknown}
 g - a scroll of fog {unknown}
Potions
 d - a potion of might
 e - a potion of curing {unknown}


   Skills:
 + Level 3.3 Fighting
 * Level 2.7 Axes
 + Level 3.0 Armour
 + Level 3.0 Shields


You had 2 spell levels left.
You didn't know any spells.
Your spell library was empty.

Dungeon Overview and Level Annotations

Branches:
Dungeon (2/15)             Temple (0/1) D:4

Altars:
Ru


Innate Abilities, Weirdness & Mutations

You have a pair of small horns on your head.


Message History

The orc hits you but does no damage.
The orc hits you from afar with a +0 vorpal trident.
You slash the orc!
You kill the orc!
You block the orc's attack.
The orc hits you from afar with a +0 vorpal trident.
* * * LOW HITPOINT WARNING * * *
x2 The orc barely misses you.
Items here: ( ))) [[[.
You hit the orc but do no damage. You block the orc's attack.
Unknown command.
You slash the orc!
You kill the orc!
Things that are here:
a +0 vorpal trident; an orc corpse You start resting.
HP restored.
Found a dagger.
A quokka comes into view.
A dart slug comes into view.
An orc priest comes into view. It is wielding a +0 hand axe.
You closely miss the quokka.
The orc priest shouts!
The quokka bites you. The quokka barely misses you.
You block the quokka's attack. The quokka bites you. The quokka bites you.
The orc priest hits you with a +0 hand axe.
The orc priest hits you with a +0 hand axe.
The quokka bites you but does no damage.
You barely miss the orc priest.
You headbutt the orc priest, but do no damage.
You hit the quokka. You hit the dart slug.
The orc priest calls down the wrath of Beogh upon you.
Beogh smites you!
* * * LOW HITPOINT WARNING * * *
You block the quokka's attack. The dart slug closely misses you.
The orc priest invokes the aid of Beogh against you.
Pain shoots through your body!
You die...

.# ####.#
######....
..........
.......).# ######
.........##......
........o@?##
...b.....rw.###
..........#...#
............>....
.........##....##
.........#.#####
#.###.#.#.# .
##...## ##.##


You could see an orc priest, a dart slug and a quokka.

Vanquished Creatures
  A gnoll (D:1)
  3 dart slugs (D:1)
  4 orcs (D:4)
  2 ball pythons (D:1)
  3 endoplasms
  4 giant cockroaches
  2 goblins
  5 hobgoblins (D:1)
  3 jackals (D:1)
  A quokka (D:1)
  2 kobolds (D:1)
30 creatures vanquished.

Notes
Turn   | Place    | Note
-------+----------+-------------------------------------------
     0 | D:1      | Sin92 the Demonspawn Fighter began the quest for the Orb.
     0 | D:1      | Reached XP level 1. HP: 18/18 MP: 1/1
   238 | D:1      | Gained mutation: You have a pair of small horns on your
                  | head. [demonic ancestry]
   238 | D:1      | Reached XP level 2. HP: 13/24 MP: 2/2
   854 | D:1      | Reached XP level 3. HP: 29/29 MP: 3/3
  1067 | D:1      | Found a faded altar of an unknown god.
  1211 | D:1      | Prayed at the altar of an unknown god.
  1211 | D:1      | Became a worshipper of Ru the Awakened
  1514 | D:2      | You fall into a shaft and drop 2 floors!
  1521 | D:4      | Found a staircase to the Ecumenical Temple.
  1833 | D:4      | Killed from afar by an orc priest

Illustrated notes

Levels and vault maps discovered:
D:1:      lemuel_arrival_muddy, layout_basic,
          shapermc_ecumenical_altar_acropolis
D:2:      layout_basic, serial_shops, nicolae_shop_stone, shop, uniq_sigmund
D:4:      layout_loops_ring, nicolae_overflow_crystal_walls,
          minmay_temple_entry_butterflies, kennysheep_diamond

Skill      XL: |  1  2  3 |
---------------+----------+-----
Axes           | 2 |  2.7
Armour         | 3 |  3.0
Shields        | 3 |  3.0
Fighting       | |  3.3

Action                   || total
-------------------------++-------
Melee: War axe           ||    91
       Headbutt          ||    14
Armor: Scale mail        ||    52
Dodge: Dodged            ||    47
Block: Buckler           ||    35
